Map: Abyssal Reef LE

Players

Future

  • Race: Terran Terran
  • League: Grandmaster
  • Spawn Location: 5:00

PiG - Winner!

  • Race: Protoss Protoss
  • League: Grandmaster
  • Spawn Location: 11:00

VOD

https://www.youtube.com/watch?v=rAf9gljyTq8

Description

Time

  • Played on: June 6, 2017, 8:32 p.m.
  • Length: 16:11
Show
View Real Time Build Order
Export as new Build Order

Future Terran 

Build Orders: Cyclone Opening, Reaper Expand, MMM Bio 

Get SALT Encoding   

  12  0:00  SCV  
  13  0:13  SCV  
  14  0:18  Supply Depot  
  14  0:25  SCV  
  15  0:29  Refinery  
  15  0:39  SCV  
  16  0:45  Barracks  
  16  0:52  SCV  
  17  1:04  SCV  
  18  1:16  SCV  
  19  1:32  Reaper  
  19  1:33  Orbital Command  
  20  1:45  Command Center  
  20  1:56  Factory  
  21  2:01  SCV  
  21  2:07  Barracks Reactor  
  21  2:13  SCV  
  21  2:15  Supply Depot  
  21  2:24  Engineering Bay  
  21  2:25  SCV  
  22  2:33  Refinery  
  22  2:43  Cyclone  
  22  2:44  Marine x2  
  27  2:54  Missile Turret  
  27  2:55  SCV  
  28  3:02  Orbital Command  
  28  3:07  Marine x2  
  28  3:12  SCV  
  31  3:16  Widow Mine  
  33  3:24  Marine, SCV  
  33  3:25  Marine  
  36  3:31  Starport  
  36  3:38  SCV x2  
  38  3:42  Bunker  
  38  3:46  Widow Mine  
  40  3:50  SCV x2  
  42  3:57  Supply Depot  
  41  4:03  SCV  
  41  4:04  Missile Turret  
  41  4:09  Missile Turret  
  42  4:11  SCV  
  43  4:20  Bunker  
  43  4:24  SCV  
  43  4:25  Factory Tech Lab  
  43  4:26  SCV  
  41  4:36  SCV  
  41  4:38  SCV  
  43  4:49  SCV, Raven  
  43  4:50  SCV  
  47  4:55  Marine  
  47  4:59  Marine  
  49  5:01  SCV  
  49  5:04  SCV  
  51  5:07  Factory Tech Lab  
  51  5:13  SCV  
  51  5:16  SCV  
  51  5:18  Marine x2  
  54  5:30  Terran Infantry Weapons Level 1  
  54  5:32  Barracks x2  
  54  5:33  SCV  
  54  5:35  SCV  
  54  5:50  Supply Depot  
  54  5:51  Supply Depot  
  54  5:53  Siege Tank, Marine x2, Starport Reactor  
  59  5:59  SCV  
  59  6:01  SCV  
  60  6:08  Supply Depot  
  60  6:10  Marine x2  
  62  6:12  SCV  
  62  6:13  SCV  
  64  6:22  Barracks Reactor  
  64  6:24  SCV  
  65  6:25  SCV  
  65  6:28  Marine  
  67  6:36  SCV  
  66  6:42  SCV  
  66  6:46  Refinery  
  59  6:47  Refinery  
  59  6:48  SCV  
  59  6:49  Barracks Reactor  
  59  6:50  Siege Tank, Stimpack  
  59  6:51  Medivac  
  65  6:54  Marine x2, SCV  
  65  6:55  Marine  
  65  7:04  SCV  
  65  7:06  SCV  
  62  7:12  Marine x2  
  62  7:13  Marine  
  65  7:16  SCV  
  65  7:17  Medivac  
  65  7:20  SCV  
  65  7:22  Medivac  
  69  7:27  Siege Tank  
  69  7:28  Marine x2  
  69  7:29  Marine  
  74  7:35  Marine, Marauder  
  78  7:38  Missile Turret  
  78  7:43  Supply Depot  
  78  7:44  Supply Depot  
  78  7:45  Marine  
  78  7:47  Marine x2  
  81  7:53  Marine  
  81  7:57  Marauder  
  83  8:03  Marine  
  83  8:05  Siege Tank  
  89  8:10  Medivac x2  
  89  8:11  Marine x2  
  93  8:18  Marauder  
  93  8:19  Missile Turret  
  95  8:27  Supply Depot  
  95  8:28  Marine x2  
  95  8:32  Liberator x2  
  97  8:34  Marine x2  
  97  8:40  Marauder  
  101  8:46  Marine  
  102  8:48  Supply Depot  
  102  8:50  Combat Shields  
  102  8:51  Marine  
  102  8:52  Supply Depot  
  102  8:54  Marine  
  110  9:00  Marine x2  
  100  9:04  Marine  
  92  9:10  Marine  
  92  9:12  Marine  
  92  9:13  Siege Tank  
  92  9:15  Liberator x2  
  95  9:18  Marine  
  95  9:19  Marauder  
  95  9:23  Marine  
  99  9:28  Marine  
  106  9:38  Marine  
  106  9:39  Marine  
  106  9:40  Marauder  
  106  9:41  Marine  
  111  9:54  Marine  
  111  9:55  Siege Tank  
  111  9:56  Marine  
  111  9:57  Liberator  
  115  10:02  Marauder  
  115  10:03  Marine  
  115  10:04  Liberator  
  116  10:19  Marine x3  
  125  10:26  Marine  
  126  10:46  Marine  
  126  10:47  Marine x2  
  126  10:48  Marine  
  125  10:50  Marauder  
  125  11:03  Marine  
  126  11:13  Supply Depot  
  126  11:14  Supply Depot x2  
  126  11:23  Marine  
  126  11:24  Marine  
  126  11:25  Marine, Marauder  
  126  11:29  Marine  
  124  11:35  Raven  
  124  11:36  Widow Mine x2  
  125  11:41  Marine  
  125  11:42  Marine  
  125  11:46  Marauder  
  127  11:47  Marine  
  127  11:48  Marine  
  127  11:49  Orbital Command  
  122  11:59  Marine  
  118  12:18  Marine x3, Marauder  
  123  12:27  Raven  
  125  12:35  Marine  
  125  12:36  Marine x2  
  128  12:39  Marauder  
  125  12:44  Widow Mine  
  125  12:45  Widow Mine  
  127  12:59  Marine  
  127  13:00  Marine  
  127  13:02  Marine  
  84  15:00  Orbital Command  
Show
View Real Time Build Order
Export as new Build Order

PiG Protoss - Winner!

Build Orders: Dark Templar Rush 

Get SALT Encoding   

  12  0:00  Probe (Chrono Boost)  
  13  0:11  Probe (Chrono Boost)  
  14  0:19  Pylon  
  14  0:22  Probe (Chrono Boost)  
  15  0:37  Probe (Chrono Boost)  
  15  0:38  Gateway  
  15  0:42  Assimilator  
  16  0:48  Probe (Chrono Boost)  
  17  0:53  Assimilator  
  17  1:01  Probe (Chrono Boost)  
  18  1:12  Probe (Chrono Boost)  
  19  1:23  Probe (Chrono Boost)  
  19  1:24  Pylon  
  20  1:26  Cybernetics Core  
  20  1:33  Probe (Chrono Boost)  
  21  1:40  Zealot  
  21  1:47  Probe (Chrono Boost)  
  24  1:57  Probe (Chrono Boost)  
  25  2:04  Twilight Council  
  25  2:07  Warp Gate  
  25  2:08  Mothership Core (Chrono Boost)  
  27  2:25  Robotics Facility  
  27  2:26  Probe (Chrono Boost)  
  28  2:36  Pylon  
  29  2:37  Probe (Chrono Boost)  
  29  2:45  Dark Shrine  
  29  2:59  Gateway  
  29  3:05  Gateway  
  29  3:17  Probe (Chrono Boost)  
  30  3:20  Warp Prism  
  32  3:37  Pylon  
  32  3:39  Probe (Chrono Boost)  
  33  4:11  Dark Templar x3  
  33  4:15  Probe (Chrono Boost)  
  40  4:21  Nexus  
  40  4:39  Probe (Chrono Boost)  
  40  4:42  Pylon  
  40  4:45  Sentry x2  
  45  4:53  Probe (Chrono Boost)  
  46  5:03  Probe (Chrono Boost)  
  45  5:21  Probe (Chrono Boost)  
  45  5:24  Robotics Bay  
  43  5:41  Dark Templar  
  43  5:42  Probe (Chrono Boost)  
  46  5:43  Probe (Chrono Boost)  
  46  5:46  Stalker  
  49  6:02  Probe (Chrono Boost)  
  49  6:03  Stalker  
  52  6:09  Probe (Chrono Boost)  
  52  6:11  Assimilator  
  53  6:13  Probe (Chrono Boost), Assimilator  
  53  6:16  Pylon  
  53  6:17  Disruptor  
  54  6:21  Probe (Chrono Boost)  
  54  6:22  Pylon  
  54  6:25  Probe (Chrono Boost)  
  60  6:33  Probe (Chrono Boost)  
  60  6:39  Stalker x2  
  56  6:45  Stalker  
  56  6:50  Probe (Chrono Boost)  
  54  6:54  Probe (Chrono Boost)  
  54  7:02  Probe (Chrono Boost)  
  54  7:05  Stalker  
  54  7:07  Stalker  
  57  7:10  Probe (Chrono Boost)  
  57  7:12  Observer  
  60  7:15  Mothership Core (Chrono Boost)  
  60  7:20  Nexus  
  60  7:24  Pylon  
  60  7:26  Dark Templar, Pylon  
  63  7:30  Probe (Chrono Boost)  
  63  7:33  Pylon  
  63  7:35  Probe (Chrono Boost)  
  64  7:37  Sentry  
  64  7:38  Gateway  
  64  7:39  Gateway  
  64  7:41  Pylon  
  64  7:42  Probe (Chrono Boost)  
  67  7:47  Probe (Chrono Boost)  
  68  7:56  Probe (Chrono Boost)  
  69  8:02  Probe (Chrono Boost)  
  69  8:03  Disruptor  
  69  8:04  Stalker x2  
  69  8:05  Blink  
  74  8:06  Stalker  
  79  8:18  Probe (Chrono Boost), Assimilator  
  80  8:23  Assimilator  
  80  8:33  Stalker x3  
  86  8:44  Disruptor  
  86  8:53  Stalker  
  83  9:13  Stalker  
  83  9:14  Stalker x3  
  83  9:15  Probe (Chrono Boost)  
  94  9:17  Probe x2 (Chrono Boost)  
  94  9:26  Probe (Chrono Boost)  
  94  9:29  Probe (Chrono Boost)  
  94  9:31  Disruptor  
  94  9:53  Charge  
  94  9:54  Stalker x3  
  94  9:55  Stalker  
  100  10:07  Gateway x2  
  100  10:09  Forge  
  100  10:10  Gateway  
  100  10:13  Gateway  
  100  10:15  Stalker  
  100  10:16  Gateway  
  100  10:20  Dark Templar x2  
  100  10:21  Dark Templar  
  108  10:22  Dark Templar  
  110  10:33  Probe x2 (Chrono Boost)  
  106  10:45  Nexus  
  102  11:02  Assimilator  
  102  11:04  Assimilator  
  102  11:05  Disruptor  
  102  11:06  Dark Templar  
  102  11:07  Pylon  
  102  11:09  Pylon  
  105  11:18  Protoss Ground Weapons Level 1, Pylon  
  105  11:20  Pylon  
  105  11:23  Pylon  
  105  11:24  Pylon  
  105  11:26  Pylon  
  105  11:39  Dark Templar x2  
  109  11:40  Nexus  
  109  12:06  Dark Templar  
  109  12:07  Dark Templar  
  107  12:13  Stalker x2  
  107  12:15  Stalker x3  
  113  12:24  Dark Templar, Immortal  
  113  12:28  Stalker  
  120  12:31  Probe (Chrono Boost)  
  120  12:32  Probe (Chrono Boost)  
  119  12:47  Dark Templar  
  119  12:58  Disruptor  
  119  13:01  Dark Templar  
  119  13:04  Dark Templar  
  122  13:12  Protoss Ground Armor Level 1  
  122  13:17  Dark Templar  
  119  13:30  Disruptor  
  119  13:32  Dark Templar  
  119  13:49  Dark Templar  
  119  13:50  Dark Templar  
  119  13:53  Probe (Chrono Boost)  
  122  14:01  Nexus  
  120  14:06  Disruptor  
  116  14:59  Dark Templar  
  112  15:05  Pylon  
  110  15:17  Dark Templar  
Tags
 
Add a new tag
Caveats
  • Supply blocks, unpowered buildings, or Contaminate may cause inaccurate times.
  • Supply counts are checked every 10 seconds.